 Dungeon Crawl Stone Soup version 0.28-a0-691-gad6df49e81 (webtiles) character file.

Game seed: 13373183597473184719

22 voltaire321 the Charlatan (level 2, -1/21 HPs)
             Began as a Demonspawn Artificer on Oct 20, 2021.
             Slain by a jackal (3 damage)
             ... on level 1 of the Dungeon.
             The game lasted 00:03:06 (1240 turns).

voltaire321 the Charlatan (Demonspawn Artificer)    Turns: 1240, Time: 00:03:06

Health: -1/21      AC:  5    Str: 12    XL:     2   Next: 68%
Magic:  2/2        EV: 10    Int: 12    God:
Gold:   13         SH:  0    Dex: 13    Spells: 1/1 levels left

rFire   . . .      SeeInvis .   a - +0 short sword
rCold   . . .      Faith    .   (no shield)
rNeg    . . .      Spirit   .   h - +0 ring mail
rPois   .          Reflect  .   (no helmet)
rElec   .          Harm     .   (no cloak)
rCorr   .          Rampage  .   (no gloves)
Will    .....                   (no boots)
Stlth   +.........              (no amulet)
HPRegen 0.07/turn               (no ring)
MPRegen 0.08/turn               (no ring)

@: no status effects
A: powered by pain 1
a: no special abilities


You were on level 1 of the Dungeon.
You visited 1 branch of the dungeon, and saw 1 of its levels.

You collected 13 gold pieces.

Inventory:

Hand Weapons
 a - a +0 short sword (weapon)
Missiles
 g - 6 curare-tipped darts
Armour
 h - a +0 ring mail (worn)
Jewellery
 b - a +4 ring of evasion
Wands
 c - a wand of flame (15) (quivered)
 d - a wand of charming (15)
Scrolls
 i - a scroll of fear {unknown}
Potions
 f - a potion of brilliance {unknown}
Miscellaneous
 e - a piece from Xom's chessboard (15/15)


   Skills:
 + Level 1.4 Fighting
 + Level 0.6 Throwing
 + Level 2.0 Armour
 + Level 1.3 Dodging
 - Level 0.8 Stealth
 + Level 3.2 Evocations


You had one spell level left.
You didn't know any spells.
Your spell library was empty.

Dungeon Overview and Level Annotations

Branches:
Dungeon (1/15)

Altars:


Innate Abilities, Weirdness & Mutations

You sometimes gain a little power by taking damage.


Message History

You closely miss the jackal.
The jackal is lightly wounded.
The jackal bites you but does no damage.
The jackal bites you.
You hit the jackal.
The jackal is heavily wounded.
The jackal bites you.
* * * LOW HITPOINT WARNING * * *
The jackal barely misses you.
You barely miss the jackal.
The jackal is heavily wounded.
The jackal bites you but does no damage.
You closely miss the jackal.
The jackal is heavily wounded.
The jackal bites you.
* * * LOW HITPOINT WARNING * * *
The jackal bites you but does no damage.
You barely miss the jackal.
The jackal is heavily wounded.
The jackal barely misses you.
The jackal bites you but does no damage.
You closely miss the jackal.
The jackal is moderately wounded.
The jackal barely misses you.
You barely miss the jackal.
The jackal is moderately wounded.
The jackal bites you but does no damage.
The jackal closely misses you.
You hit the jackal.
You kill the jackal!
You barely miss the jackal. The jackal closely misses you. x2
You closely miss the jackal. The jackal closely misses you.
You closely miss the jackal. The jackal bites you.
* * * LOW HITPOINT WARNING * * *
The jackal barely misses you.
You hit the jackal.
The jackal is heavily wounded.
The jackal bites you but does no damage.
The jackal bites you.
You die...

#.# #######.>..
..# #.....#.#..
..# # #.....#.#..
# #.#.#
#..........
#.##.#.#
#.....#.#..
#...K..#
#.....#.#.. #h#
#######.... #h#
######. #@#
#...##. #.########
#...)..
#........###...###
#####.......#.##
#.##.##.#.#
#.##......#
#.#####.###
#.......#
#########


You could see 2 jackals and a kobold.

Vanquished Creatures
  A bat (D:1)
  2 endoplasms (D:1)
  2 giant cockroaches (D:1)
  4 goblins (D:1)
  A hobgoblin (D:1)
  2 jackals (D:1)
  2 kobolds (D:1)
  2 ball pythons (D:1)
  2 frilled lizards (D:1)
  A rat (D:1)
19 creatures vanquished.

Notes
Turn   | Place    | Note
-------+----------+-------------------------------------------
     0 | D:1      | voltaire321 the Demonspawn Artificer began the quest for
                  | the Orb.
     0 | D:1      | Reached XP level 1. HP: 15/15 MP: 1/1
   107 | D:1      | Reached skill level 1 in Dodging
   347 | D:1      | Gained mutation: You sometimes gain a little power by
                  | taking damage. [demonic ancestry]
   347 | D:1      | Reached XP level 2. HP: 5/21 MP: 2/2
  1240 | D:1      | Slain by a jackal

Illustrated notes

Levels and vault maps discovered:
D:1:      scummos_arrival_checkerplants, layout_loops_cross,
          dreamdust_ecumenical_altar_hidden_monk_grotto

Skill      XL: |  1  2 |
---------------+-------+-----
Dodging        | 1 |  1.3
Armour         | 2 |  2.0
Fighting       | |  1.4
Throwing       | |  0.6
Stealth        | |  0.8
Evocations     | |  3.2

Action                   || total
-------------------------++-------
Melee: Club              ||    35
       Short sword       ||    58
       Dagger            ||    12
Armor: Leather armour    ||     8
       Ring mail         ||    42
Dodge: Dodged            ||    59

Table legend: (Time is in decaauts)
 A = Elapsed time spent in this place.
 B = Non-inter-level travel time spent in this place.
 C = Inter-level travel time spent in this place.
 D = Time resting spent in this place.
 E = Time spent auto-exploring this place.
 F = Levels seen in this place.
 G = Mean time per level.
                   A        B        C        D        E       F      G
               +--------+--------+--------+--------+--------+-----+--------+
         Total |   1255 |   1255 |      0 |    708 |    322 |   1 | 1255.0 |
       Dungeon |   1255 |   1255 |      0 |    708 |    322 |   1 | 1255.0 |
               +--------+--------+--------+--------+--------+-----+--------+

Top non-repeatable levels by time:
     D:1: 1255 daAuts
